 Dungeon Crawl Stone Soup version 0.29-a0-268-g5627465c62 (webtiles) character file.

Game seed: 1910475625220832175

1830982 altcumming the Evocator (level 25, 170/260 HPs)
             Began as a Deep Dwarf Wanderer on Mar 7, 2022.
             Was the Champion of Makhleb.
             Escaped with the Orb
             ... and 3 runes!
             The game lasted 02:35:14 (55188 turns).

altcumming the Evocator (Deep Dwarf Wanderer)      Turns: 55188, Time: 02:35:14

Health: 170/260    AC: 47    Str: 26 (27) XL:     25   Next: 7%
Magic:  2/2        EV: 21    Int: 16 (18) God:    Makhleb [******]
Gold:   2619       SH: 16    Dex: 16 (17) Spells: 25/26 levels left

rFire   + + .      SeeInvis +   b - +9 eveningstar (freeze)
rCold   + + .      Faith    .   O - +1 kite shield {AC+3}
rNeg    + . .      Spirit   .   Z - +10 storm dragon scales
rPois   +          Reflect  .   R - +2 helmet {SInv}
rElec   +          Harm     .   U - +2 cloak {rC+}
rCorr   .          Rampage  .   K - +2 pair of gloves of Syndicalism {Will+ Regen+}
Will    ++++.                   L - +2 pair of boots {Fly}
Stlth   ..........              r - amulet of the Butterfly {rF+ Regen+}
HPRegen 0.00/turn               e - ring of Gasmyami {rPois rF+ Str+4 Slay+2}
MPRegen 0.08/turn               o - ring of Zianauxt {rC+ EV+4 Int+3}

@: mighty, flying, studying Maces & Flails
A: damage resistance, heal wounds, negative energy resistance 1, sense
surroundings 3, no regeneration, agile 1, deterioration 1, screaming 1, sturdy
frame 1, noise suppression
0: Orb of Zot
}: 3/15 runes: serpentine, barnacled, silver
a: Heal Wounds, Renounce Religion, Minor Destruction, Lesser Servant of Makhleb,
Major Destruction, Greater Servant of Makhleb


You escaped.
You worshipped Makhleb.
Makhleb was exalted by your worship.
You visited 9 branches of the dungeon, and saw 46 of its levels.
You also visited: Ice Cave and Volcano.

You collected 7269 gold pieces.
You spent 4650 gold pieces at shops.

Inventory:

Hand Weapons
 a - a +9 eveningstar of electrocution
   (You took it off Louise on level 14 of the Dungeon)
 b - a +9 eveningstar of freezing (weapon)
   (You took it off Urug on level 2 of the Lair of Beasts)
Missiles
 j - 4 throwing nets (quivered)
 k - 44 boomerangs
 T - 14 curare-tipped darts
 X - 9 silver javelins
Armour
 K - the +2 pair of gloves of Syndicalism (worn) {Will+ Regen+}
   (You found it on level 5 of the Vaults)

   Regen:     It increases your rate of health regeneration.
   Will:      It increases your willpower.
 L - a +2 pair of boots of flying (worn)
   (You found it on level 2 of the Dungeon)
 O - a +1 kite shield of protection (worn)
   (You took it off a naga warrior on level 1 of the Snake Pit)
 R - a +2 helmet of see invisible (worn)
   (You found it on level 5 of the Lair of Beasts)
 U - a +2 cloak of cold resistance (worn)
   (You found it in an ice cave)
 Z - +10 storm dragon scales (worn)
   (You took it off Margery on level 5 of the Vaults)
Jewellery
 e - the ring of Gasmyami (left hand) {rPois rF+ Str+4 Slay+2}
   (You bought it in a shop on level 3 of the Depths)

   [ring of protection from fire]

   Str:       It affects your strength (+4).
   Slay:      It affects your accuracy & damage with ranged weapons and melee
   (+2).
   rF:        It protects you from fire.
   rPois:     It protects you from poison.
 m - the ring "Ziopuj" {rF+ rN+ Will++ Slay+2}
   (You found it on level 5 of the Vaults)

   [ring of positive energy]

   Slay:      It affects your accuracy & damage with ranged weapons and melee
   (+2).
   rF:        It protects you from fire.
   rN:        It protects you from negative energy.
   Will:      It greatly increases your willpower.
 o - the ring of Zianauxt (right hand) {rC+ EV+4 Int+3}
   (You found it on level 5 of the Vaults)

   [ring of evasion]

   EV:        It affects your evasion (+4).
   Int:       It affects your intelligence (+3).
   rC:        It protects you from cold.
 r - the amulet of the Butterfly (around neck) {rF+ Regen+}
   (You took it off a spriggan berserker on level 1 of the Depths)

   [amulet of regeneration]

   rF:        It protects you from fire.
   Regen:     It increases your rate of health regeneration.
Wands
 c - a wand of charming (5)
   (You found it on level 5 of the Dungeon)
 B - a wand of iceblast (27)
   (You found it on level 6 of the Dungeon)
 E - a wand of acid (7)
   (You found it on level 5 of the Dungeon)
 G - a wand of paralysis (3)
   (You found it on level 6 of the Dungeon)
 N - a wand of mindburst (3)
   (You found it on level 5 of the Vaults)
 V - a wand of digging (7)
   (You found it on level 5 of the Dungeon)
Scrolls
 f - a scroll of silence
 i - a scroll of summoning
 l - 4 scrolls of fear
 t - 15 scrolls of teleportation
 u - 7 scrolls of immolation
 y - a scroll of fog
 z - 5 scrolls of blinking
 F - 4 scrolls of holy word
 J - 6 scrolls of vulnerability
 M - 2 scrolls of magic mapping
Potions
 d - 3 potions of might
 n - 5 potions of resistance
 q - 20 potions of curing
 s - a potion of cancellation
 v - a potion of berserk rage
 w - 3 potions of heal wounds
 x - 5 potions of invisibility
 A - 7 potions of attraction
 H - a potion of ambrosia
 I - 3 potions of lignification
 P - 2 potions of mutation
Miscellaneous
 g - a box of beasts
   (You found it on level 5 of the Vaults)
 p - a condenser vane
   (You found it on level 3 of the Vaults)
 C - a phial of floods
   (You found it on level 2 of the Lair of Beasts)
 D - a tin of tremorstones (2/2)
   (You found it on level 14 of the Dungeon)


   Skills:
 - Level 22.0 Fighting
 - Level 3.2(4.0) Short Blades
 - Level 3.7(4.4) Long Blades
 - Level 18.0 Maces & Flails
 - Level 17.3 Throwing
 + Level 19.9 Armour
 - Level 15.0 Dodging
 - Level 2.6 Stealth
 - Level 18.0 Shields
 - Level 1.0 Spellcasting
 - Level 2.0 Summonings
 - Level 6.0 Invocations
 - Level 23.0 Evocations


You had 25 spell levels left.
You knew the following spells:

 Your Spells              Type           Power      Damage    Failure   Level
a - Summon Small Mammal   Summ           28%        N/A       34%         1

Your spell library contained the following spells:

 Spells                   Type           Power      Damage    Failure   Level
 Animate Skeleton         Necr           0%         N/A       63%         1
 Apportation              Tloc           0%         N/A       63%         1
 Foxfire                  Conj/Fire      0%         2x1d4     63%         1
 Freeze                   Ice            0%         1d3       63%         1
 Sandblast                Erth           0%         2d4       63%         1
 Shock                    Conj/Air       0%         1d3       63%         1
 Call Canine Familiar     Summ           7%         N/A       71%         3
 Blink                    Tloc           0%         N/A       77%         2
 Passwall                 Tmut/Erth      0%         N/A       77%         2
 Searing Ray              Conj           0%         2d4       77%         2
 Summon Guardian Golem    Hex/Summ       4%         N/A       85%         3
 Conjure Flame            Conj/Fire      0%         6-21      94%         3
 Frozen Ramparts          Ice            0%         1d2       94%         3
 Inner Flame              Hex/Fire       0%         N/A       94%         3
 Lesser Beckoning         Tloc           0%         N/A       94%         3
 Portal Projectile        Hex/Tloc       0%         N/A       94%         3
 Spider Form              Tmut/Pois      0%         N/A       94%         3
 Stone Arrow              Conj/Erth      0%         3d7       94%         3
 Swiftness                Air            0%         N/A       94%         3
 Tukima's Dance           Hex            0%         N/A       94%         3
 Summon Ice Beast         Ice/Summ       4%         N/A       99%         4
 Airstrike                Air            0%         N/A       100%        4
 Cause Fear               Hex            0%         N/A       100%        4
 Flame Wave               Conj/Fire      0%         2d4       100%        4
 Fulminant Prism          Conj/Hex       0%         3d6       100%        4
 Hailstorm                Conj/Ice       0%         3d3       100%        4
 Iskenderun's Mystic Bla  Conj/Tloc      0%         2d3       100%        4
 Leda's Liquefaction      Hex/Erth       0%         N/A       100%        4
 Passage of Golubria      Tloc           0%         N/A       100%        4
 Sticky Flame             Conj/Fire      0%         2d3       100%        4
 Fireball                 Conj/Fire      0%         3d3       100%        5
 Freezing Cloud           Conj/Ice/Air   0%         6-21      100%        5
 Iskenderun's Battlesphe  Conj           0%         2d6       100%        5
 Lee's Rapid Deconstruct  Erth           0%         3d5*      100%        5
 Manifold Assault         Tloc           0%         N/A       100%        5
 Summon Mana Viper        Hex/Summ       4%         N/A       100%        5
 Yara's Violent Unravell  Hex/Tmut       0%         3d3       100%        5
 Dispersal                Tloc           0%         N/A       100%        6
 Iron Shot                Conj/Erth      0%         9d1       100%        6
 Simulacrum               Ice/Necr       0%         N/A       100%        6
 Starburst                Conj/Fire      0%         6d3       100%        6
 Monstrous Menagerie      Summ           3%         N/A       100%        7
 Orb of Destruction       Conj           0%         9d5       100%        7
 Spellforged Servitor     Conj/Summ      2%         N/A       100%        7
 Borgnjor's Revivificati  Necr           0%         N/A       100%        8
 Discord                  Hex            0%         N/A       100%        8
 Disjunction              Tloc           0%         N/A       100%        8
 Ignition                 Fire           0%         3d3       100%        8
 Necromutation            Tmut/Necr      0%         N/A       100%        8
 Death's Door             Necr           0%         N/A       100%        9
 Polar Vortex             Ice            0%         N/A       100%        9


Dungeon Overview and Level Annotations

Branches:
Dungeon (15/15)            Temple (1/1) D:4            Lair (6/6) D:8
 Shoals (4/4) Lair:3        Snake (4/4) Lair:3        Slime (0/5) Lair:5
    Orc (2/2) D:11            Elf (0/3) Orc:2        Vaults (5/5) D:13
  Crypt (0/3) Vaults:3     Depths (4/4) D:15            Zot (5/5) Depths:4
  IceCv (visited)         Volcano (visited)

Altars:
Ashenzari
Cheibriados
Dithmenos
Elyvilon
Fedhas
Gozag
Hepliaklqana
Kikubaaqudgha
Makhleb
Nemelex Xobeh
Okawaru
Qazlal
Ru
Sif Muna
Trog
Uskayaw
Vehumet
Wu Jian
Xom
Yredelemnul
Zin
The Shining One
Beogh
Lugonu

Shops:
Orc:2 (:[**   Shoals:2 :?([   Shoals:3 (   Snake:3 ?   Vaults:3 *   Vaults:4 (
Depths:3 (!=

Portals:
Hell: Depths:1 Depths:2 Depths:3 Depths:4
Abyss: Lair:6 Depths:1 Depths:3
Pandemonium: Depths:2 Depths:3
Ziggurat: Depths:4
Trove: Depths:2 (give 8 scrolls of fog)

Annotations:
D:4 exclusion: orc priest, Ijyb
Snake:3 3 runed translucent doors, Widid's ghost, adept TeFE
Depths:4 exclusions: 2 eyes of devastation, shining eye and 1 more exclusion
Zot:5 1 runed translucent door, Ocoxec's ghost, veteran PaGl


Innate Abilities, Weirdness & Mutations

You are resistant to damage.
You can heal yourself by infusing magical energy.
You resist negative energy. (rN+)
You passively map a large area around you.
You do not regenerate.
You are agile. (Dex +2)
Your body sometimes deteriorates upon taking damage.
You occasionally shout uncontrollably at your foes.
Your movements are slightly less encumbered by armour. (ER -2)
You passively dampen the noise of your surroundings.


Message History

There is a stone staircase leading up, spattered with blood here.
You fly upwards.
There is a stone staircase leading down here.
There is a stone staircase leading up here.
You fly upwards.
Level annotation: exclusion: orc priest, Ijyb
There is a stone staircase leading down here.
You see here a +0 robe.
There is a stone staircase leading up here.
You fly upwards.
There is a stone staircase leading down here.
An Orb Guardian comes into view.
There is a stone staircase leading up here.
You fly upwards.
There is a stone staircase leading down here.
(D) Dungeon (T) Temple (L) Lair (A) Shoals (P) Snake Pit (M) Slime Pits (O) Orcish Mines (E) Elven Halls (V) Vaults (C) Crypt (U) Depths (H) Hell (Z) Zot
Where to? (Enter - D:1 @ (x,y), ? - help)
A red devil comes into view. It is wielding a +0 trident.
You block the red devil's attack.
You thump the red devil! You freeze the red devil.
The red devil is heavily wounded.
You hit the red devil. You freeze the red devil.
The red devil is heavily wounded.
The red devil hits you but does no damage.
You impale the red devil!! You freeze the red devil.
You kill the red devil!
Makhleb accepts your kill.
You feel better.
No target in view!
No target in view!
A Ciger, a cacodemon and a lich come into view.
There is an open door here.
The cacodemon shouts!
Ciger moves out of view.
The lich moves out of view.
The cacodemon gestures at you. You resist with almost no effort.
There is an escape hatch in the ceiling here.
A mysterious force pulls you upwards. The hatch slams shut behind you.
(D) Dungeon (T) Temple (L) Lair (A) Shoals (P) Snake Pit (M) Slime Pits (O) Orcish Mines (E) Elven Halls (V) Vaults (C) Crypt (U) Depths (H) Hell (Z) Zot
Where to? (Enter - D:1 @ (x,y), ? - help)
A Hell Sentinel comes into view.
Unknown command.
Unknown command.
Unknown command.
Throw: 5 throwing nets
Press: ? - help, Q - select action, (/) - cycle Shift-Dir - straight line, f - Hell Sentinel
Aim: a Hell Sentinel (91% to hit)
You throw a throwing net.
The throwing net hits the Hell Sentinel.
The Hell Sentinel is caught in the net!
The Hell Sentinel struggles against the net.
The Hell Sentinel struggles against the net.
You feel very mighty all of a sudden.
The Hell Sentinel struggles against the net.
You bludgeon the Hell Sentinel!!
The Hell Sentinel is lightly wounded.
You pound the Hell Sentinel like an anvil!!!
The Hell Sentinel is heavily wounded.
The Hell Sentinel struggles against the net.
You catch the helpless Hell Sentinel completely off-guard!
You puncture the Hell Sentinel!
The Hell Sentinel is severely wounded.
The Hell Sentinel struggles against the net.
You sock the Hell Sentinel!
The Hell Sentinel is severely wounded.
The Hell Sentinel gestures at you.
The sphere of damnation explodes!
The damnation engulfs you!!!
The damnation engulfs the Hell Sentinel.
The Hell Sentinel completely resists.
The Hell Sentinel struggles against the net.
You impale the Hell Sentinel!!
The Hell Sentinel is almost dead.
You catch the helpless Hell Sentinel completely off-guard!
You impale the Hell Sentinel!!
The Hell Sentinel is almost dead.
You catch the helpless Hell Sentinel completely off-guard!
You sock the Hell Sentinel!
You kill the Hell Sentinel!
Makhleb accepts your kill.
You feel better.
A rust devil comes into view.
Aiming: Dig
Press: ? - help, Shift-Dir - straight line, f - you Please select a direction to dig.
This square is covered in magical glow.
The rock shatters into small pieces.
A balrug and 3 sun demons come into view.
The balrug is wielding a +2 demon whip of electrocution.
The sun demon shouts! x2
The balrug moves out of view.
The sun demon moves out of view.
There is a staircase leading out of the dungeon here.
Enter note: gg You block the sun demon's attack.
You have escaped!

....##...###############.........
.......### ######## #.....>...
.....#######......#### ##........
...#.# ##...........3## #........
..##.# #......####..2.###........
####.###....#######...3##........
####....##.....##...###......#
#....###..##.###..###......#
#....##..##@33.4...........#
#....##...###'#..###......##
#....###...###...##.......#
##....##........###......##
#.....###....####.......#
######.....########......4.##
#..# ##......####.........## #
#.## ##.................## #
##.#### ###.............### #


You could see 2 sun demons and a rust devil.

Vanquished Creatures
  A dread lich (Zot:5)
  3 ancient liches
  4 orbs of fire
  Sojobo (Depths:4)
  A shard shrike (Zot:1)
  Bai Suzhen (Depths:2)
  8 Killer Klowns (Zot:5)
  Margery (Vaults:5)
  Saint Roka (Vaults:3)
  3 caustic shrikes
  3 curse toes
  5 golden dragons
  2 bone dragons
  An electric golem (Zot:5)
  A hellephant (Zot:1)
  11 tentacled monstrosities
  3 Hell Sentinels
  23 Orb Guardians
  2 walking earthen tomes (Depths:2)
  2 liches (Vaults:5)
  A walking crystal tome (Depths:2)
  2 quicksilver dragons
  3 titans
  7 death cobs
  A kraken (Shoals:3)
  9 tengu reavers
  An Executioner (D:13)
  5 sphinxes
  Polyphemus (Shoals:3)
  9 shadow dragons
  A shadow dragon (shapeshifter) (Vaults:5)
  10 storm dragons
  3 draconian monks (Zot:3)
  4 draconian knights
  3 nagarajas (Snake:4)
  13 fire giants
  A deep elf sorcerer (Vaults:5)
  5 draconian shifters
  Aizul (Snake:1)
  7 draconian scorchers
  7 frost giants
  16 vault wardens
  A ghost moth (Zot:5)
  2 iron dragons (Vaults:5)
  5 orc warlords
  Louise (D:14)
  5 draconian stormcallers (Depths:4)
  2 spriggan defenders (Depths:2)
  3 vampire knights
  18 stone giants
  2 draconian annihilators
  2 war gargoyles (Vaults:5)
  A reaper (Zot:1)
  28 very ugly things
  8 black draconians
  21 ironbound preservers
  10 ironbound thunderhulks
  3 deep elf demonologists (Vaults:5)
  A deep elf annihilator (Vaults:2)
  5 green draconians
  2 purple draconians (Zot:4)
  A bunyip (Orc:2)
  6 yellow draconians
  15 dire elephants
  Azrael (Snake:1)
  12 spark wasps
  13 red draconians
  5 white draconians
  16 ettins
  A blizzard demon (Depths:2)
  3 deep elf death magi
  10 merfolk impalers
  A merfolk javelineer (Shoals:4)
  5 fire dragons
  8 great orbs of eyes
  14 yaktaur captains
  6 deep elf high priests
  3 boulder beetles
  6 salamander tyrants
  9 hydras
  3 ogre magi
  3 rakshasas (Depths:1)
  12 centaur warriors
  2 alligator snapping turtles (Shoals:4)
  14 naga warriors
  8 ironbound frosthearts
  33 vault guards
  A catoblepas (Shoals:3)
  3 merfolk avatars
  8 ice dragons
  3 anacondas
  5 two-headed ogres
  A spriggan air mage (Depths:2)
  A two-headed ogre (shapeshifter) (Depths:2)
  9 tengu warriors
  8 deep troll shamans
  4 hell hogs (Depths:3)
  5 merfolk aquamancers (Shoals:4)
  14 death yaks
  3 satyrs
  7 deep troll earth magi
  2 vampire magi
  3 thrashing horrors (Lair:6)
  8 spriggan berserkers
  Urug (Lair:2)
  2 orc high priests
  5 shock serpents
  A soul eater (Depths:2)
  A storm dragon zombie (Depths:2)
  A sun demon (Depths:2)
  23 hell knights
  11 naga sharpshooters
  5 iron trolls (Depths:4)
  A sixfirhy (Depths:1)
  22 sea snakes
  A shadow wraith (Vaults:1)
  4 salamander mystics
  4 large abominations (Lair:6)
  A spark wasp zombie (Depths:2)
  4 glowing orange brains
  An orb spider (shapeshifter) (Vaults:5)
  A flayed ghost (Depths:3)
  4 naga ritualists
  15 ironbound convokers
  24 harpies
  Pikel (D:9)
  43 deep trolls
  15 lindwurms
  10 wizards
  6 phantasmal warriors
  3 deep elf pyromancers
  14 cyclopes
  9 orc knights
  3 mana vipers
  4 orc sorcerers
  38 ugly things
  10 necromancers
  19 manticores
  2 human zombies
  24 salamanders
  6 elephants
  15 moths of wrath
  9 fauns
  4 guardian serpents
  34 black mambas
  6 merfolk sirens
  A fire giant skeleton (Depths:2)
  12 water nymphs
  Joseph (D:8)
  An eye of devastation (Lair:5)
  A smoke demon (Lair:6)
  A frost giant skeleton (Depths:2)
  29 naga magi
  3 unseen horrors
  4 gargoyles
  21 vault sentinels
  17 cane toads
  3 orange demons (Depths:2)
  7 komodo dragons
  10 tengu conjurers
  2 efreet
  29 yaktaurs
  2 rime drakes
  2 hellwings
  2 ancient zymes (Lair:6)
  2 freezing wraiths
  2 ice devils (D:11)
  3 red devils
  7 trolls
  10 wind drakes
  3 meliai (D:15)
  A hornet (Depths:2)
  Prince Ribbit (D:9)
  5 polar bears
  27 merfolk
  Grinder (D:6)
  48 slime creatures
  A dream sheep (shapeshifter) (Vaults:5)
  10 snapping turtles
  30 blink frogs
  7 dream sheep
  An elf skeleton (Vaults:2)
  5 wraiths
  16 water elementals
  7 air elementals (Shoals:4)
  2 shadows
  2 spriggans
  7 wyverns
  4 ynoxinuls
  Eustachio (D:5)
  3 hogs (D:14)
  10 fire bats
  A fire bat (shapeshifter) (Vaults:5)
  22 yaks
  6 basilisks
  4 fire elementals
  2 neqoxecs
  A redback (shapeshifter) (Vaults:3)
  Menkaure (D:6)
  8 vampire mosquitoes
  3 chaos spawn
  A steam dragon (D:9)
  42 nagas
  2 acid dragons
  6 hell hounds
  9 water moccasins
  2 floating eyes
  2 hydra simulacra (Zot:1)
  4 black bears
  3 sky beasts
  2 ice beasts
  25 orc warriors
  A boggart (Vaults:2)
  11 ogres
  5 centaurs
  2 phantoms
  9 small abominations (Lair:6)
  4 necrophages
  21 bullfrogs
  2 gnoll sergeants
  2 human skeletons (Vaults:2)
  5 scorpions
  A cane toad simulacrum (IceCv)
  2 wights (D:7)
  9 killer bees
  2 elephant simulacra (IceCv)
  6 howler monkeys
  8 electric eels
  6 hounds
  4 jellies
  17 orc priests
  7 hell rats (Lair:5)
  6 iguanas
  21 orc wizards
  A wolf simulacrum (IceCv)
  9 gnolls
  7 adders
  2 shadow imps
  3 white imps
  An ufetubus (D:5)
  A worm (D:3)
  A dart slug (D:5)
  88 orcs
  5 bats
  5 endoplasms
  A giant cockroach (D:1)
  5 goblins
  5 hobgoblins
  6 jackals
  3 quokkas
  5 ball pythons
  6 kobolds
  7 rats
  A tentacle (Shoals:3)
1832 creatures vanquished.

Vanquished Creatures (collateral kills)
  Mennas (Vaults:5)
  A caustic shrike (Depths:4)
  2 Killer Klowns (Zot:5)
  Rupert (Snake:1)
  2 Orb Guardians (Zot:5)
  A storm dragon (Vaults:5)
  A dire elephant (Vaults:1)
  2 hydras
  A vault guard (Vaults:1)
  A death knight (D:12)
  3 two-headed ogres
  A deep elf pyromancer (D:12)
  2 elephants (Lair:3)
  A naga mage (Snake:3)
  4 cane toads
  A yaktaur (Vaults:2)
  A troll (D:13)
  2 slime creatures (Vaults:1)
  2 blink frogs (Lair:2)
  A yak (Lair:1)
  A fire bat (Lair:3)
  A wyvern (Lair:3)
  A basilisk (Lair:3)
  2 nagas (Lair:3)
  A bullfrog (Lair:3)
  A howler monkey (D:12)
  A worm (D:2)
  2 orcs
  2 endoplasms (D:1)
  A goblin (D:1)
  A jackal (D:2)
  A frilled lizard (D:3)
  2 rats
48 creatures vanquished.

Vanquished Creatures (others)
  2 caustic shrikes (Depths:4)
  Kirke (D:14)
  An ironbound preserver (Vaults:1)
  A shadow wraith (Vaults:5)
  A salamander (Snake:3)
  A cane toad (Lair:2)
  A tengu conjurer (D:15)
  A wight (D:7)
  A bush (Lair:6)
  47 fungi
  121 plants
  6 tentacles (Shoals:3)
  3 toadstools (D:3)
187 creatures vanquished.

Grand Total: 2067 creatures vanquished

Notes
Turn   | Place    | Note
-------+----------+-------------------------------------------
     0 | D:1      | altcumming the Deep Dwarf Wanderer began the quest for the
                  | Orb.
     0 | D:1      | altcumming set off with the following items: a +3 short
                  | sword, a scroll of fog, a +0 leather armour; and the
                  | following spell memorised: Summon Small Mammal; and the
                  | following spells available to memorise: Call Canine
                  | Familiar
     0 | D:1      | Reached XP level 1. HP: 21/21 MP: 2/2
   206 | D:1      | Reached XP level 2. HP: 21/28 MP: 3/3
   374 | D:1      | Reached skill level 1 in Stealth
   728 | D:2      | Reached XP level 3. HP: 21/34 MP: 1/4
  1509 | D:3      | Reached skill level 1 in Armour
  1509 | D:3      | Reached XP level 4. HP: 32/44 MP: 1/4
  2580 | D:3      | Reached XP level 5. HP: 46/50 MP: 1/5
  2813 | D:4      | Found a shadowy altar of Dithmenos.
  2814 | D:4      | Found a broken altar of Ashenzari.
  2845 | D:4      | Found a staircase to the Ecumenical Temple.
  2854 | Temple   | Entered the Ecumenical Temple
  2968 | Temple   | Became a worshipper of Makhleb the Destroyer
  3034 | D:4      | Noticed Ijyb
  3304 | D:4      | Found a glowing golden altar of the Shining One.
  3307 | D:4      | Found an iron altar of Okawaru.
  3307 | D:4      | Found a shimmering altar of Xom.
  3311 | D:4      | Found a radiant altar of Vehumet.
  3311 | D:4      | Found an opulent altar of Gozag.
  3311 | D:4      | Found an iron altar of Okawaru.
  3406 | D:4      | Noticed a phantom
  3418 | D:4      | Gained mutation: You tend to lose your temper in combat.
                  | [potion of mutation]
  3418 | D:4      | Gained mutation: You are agile. (Dex +2) [potion of
                  | mutation]
  3436 | D:4      | Killed a phantom
  3437 | D:4      | Reached XP level 6. HP: 37/58 MP: 4/6
  3803 | D:5      | Entered Level 5 of the Dungeon
  3807 | D:5      | Noticed a sky beast
  3833 | D:5      | Killed a sky beast
  3926 | D:5      | Noticed a sky beast
  3936 | D:5      | Reached skill level 5 in Dodging
  3936 | D:5      | Reached XP level 7. HP: 49/66 MP: 5/7
  3975 | D:5      | Reached skill level 5 in Fighting
  3978 | D:5      | Reached skill level 5 in Armour
  4000 | D:5      | Noticed Eustachio
  4243 | D:5      | Reached XP level 8. HP: 57/74 MP: 6/6
  4553 | D:5      | Killed Eustachio
  4605 | D:5      | Reached skill level 1 in Long Blades
  4611 | D:5      | Reached * piety under Makhleb
  4838 | D:5      | Found a blossoming altar of Fedhas.
  5184 | D:6      | Reached skill level 1 in Invocations
  5184 | D:6      | Reached skill level 1 in Evocations
  5222 | D:6      | Gained mutation: You passively map the area around you.
                  | [Deep Dwarf growth]
  5222 | D:6      | Reached XP level 9. HP: 57/82 MP: 7/7
  5232 | D:5      | Reached skill level 2 in Evocations
  5379 | D:6      | Noticed Grinder
  5384 | D:6      | Killed Grinder
  5385 | D:6      | Reached skill level 3 in Evocations
  5502 | D:6      | Reached skill level 4 in Evocations
  5503 | D:6      | Noticed a two-headed ogre
  5639 | D:7      | Noticed a boulder beetle
  5653 | D:7      | Killed a boulder beetle
  5654 | D:7      | Reached skill level 6 in Evocations
  6311 | D:7      | Reached ** piety under Makhleb
  6578 | D:6      | Noticed Menkaure
  6590 | D:6      | Killed Menkaure
  6591 | D:6      | Reached XP level 10. HP: 34/91 MP: 10/10
  6728 | D:6      | Reached skill level 5 in Maces & Flails
  6837 | D:6      | Killed a two-headed ogre
  6852 | D:6      | Noticed a cyclops
  6863 | D:6      | Killed a cyclops
  7000 | D:8      | Found a radiant altar of Vehumet.
  7028 | D:8      | Noticed Joseph
  7038 | D:8      | Killed Joseph
  7411 | D:8      | Reached skill level 7 in Evocations
  8280 | D:8      | Found a staircase to the Lair.
  8449 | D:9      | Found a shimmering blue altar of Sif Muna.
  8456 | D:9      | Found a stormy altar of Qazlal.
  8504 | D:9      | Reached *** piety under Makhleb
  8728 | D:9      | Reached XP level 11. HP: 72/99 MP: 8/8
  8820 | D:9      | Noticed Pikel
  8836 | D:9      | Killed Pikel
  8891 | D:9      | Noticed Prince Ribbit
  8902 | D:9      | Killed Prince Ribbit
  8985 | D:9      | Noticed a two-headed ogre
  8993 | D:9      | Killed a two-headed ogre
  8994 | D:9      | Reached skill level 8 in Evocations
  9100 | D:10     | Entered Level 10 of the Dungeon
  9862 | Lair:1   | Entered Level 1 of the Lair of Beasts
  9893 | Lair:1   | Reached skill level 10 in Armour
 10166 | Lair:1   | Reached skill level 9 in Evocations
 10655 | Lair:2   | Found an ancient bone altar of Kikubaaqudgha.
 10781 | Lair:2   | Noticed Urug
 10794 | Lair:2   | Killed Urug
 10795 | Lair:2   | Reached XP level 12. HP: 83/110 MP: 7/7
 11051 | Lair:2   | Reached **** piety under Makhleb
 11210 | Lair:2   | Found a dark tunnel.
 11227 | Volcano  | Entered a volcano
 11243 | Volcano  | Noticed an ogre mage
 11633 | Lair:3   | Noticed a seven-headed hydra
 11658 | Lair:3   | Killed a seven-headed hydra
 11789 | Lair:3   | Reached skill level 10 in Evocations
 11811 | Lair:3   | Found a staircase to the Shoals.
 11840 | Lair:3   | Found a staircase to the Snake Pit.
 11865 | Lair:3   | Reached skill level 10 in Maces & Flails
 12237 | Lair:3   | Identified the +1 plate armour of Agoraphobia {Dex+4}
 12808 | Lair:4   | Reached skill level 1 in Shields
 12863 | Lair:4   | Identified the +2 rapier of Necwuaxa {drain, Will+ rCorr}
 13079 | Lair:4   | Reached XP level 13. HP: 79/122 MP: 6/6
 13128 | Lair:4   | Reached ***** piety under Makhleb
 13824 | Lair:5   | Reached skill level 10 in Fighting
 14176 | Lair:5   | Found a staircase to the Slime Pits.
 14721 | Lair:6   | Entered Level 6 of the Lair of Beasts
 14735 | Lair:5   | Reached skill level 11 in Evocations
 15070 | D:11     | Found a frozen archway.
 15098 | IceCv    | Entered an ice cave
 15113 | IceCv    | Found a transporter.
 15140 | IceCv    | Found a transporter.
 15169 | D:11     | Found a staircase to the Orcish Mines.
 16108 | D:12     | Identified the +2 mace "Naone" {vorpal, rPois rC- Stlth+}
 16837 | D:12     | Got the Handbook of Flamy Attacks
 17059 | D:13     | Reached skill level 1 in Throwing
 17246 | D:12     | Gained mutation: You resist negative energy. (rN+) [Deep
                  | Dwarf growth]
 17246 | D:12     | Reached XP level 14. HP: 55/135 MP: 3/3
 17423 | D:13     | Found a gate to the Vaults.
 17549 | D:14     | Reached skill level 5 in Throwing
 17800 | D:14     | Noticed Louise
 17815 | D:14     | Killed Louise
 18017 | D:14     | Noticed Kirke
 18048 | D:14     | Killed Kirke
 18663 | D:15     | Entered Level 15 of the Dungeon
 19617 | D:15     | Found a staircase to the Depths.
 20228 | Lair:6   | Reached XP level 15. HP: 119/141 MP: 4/4
 20250 | Lair:6   | Reached ****** piety under Makhleb
 20396 | Lair:6   | Reached skill level 15 in Maces & Flails
 21255 | Lair:6   | Found a corrupted altar of Lugonu.
 21255 | Lair:6   | Found a one-way gate to the infinite horrors of the Abyss.
 21271 | Lair:6   | Found the +8 demon trident "Rift" {distort, reach+}
 21276 | Lair:6   | Identified the +4 dagger of the Lurker {speed, Will+ Str-3
                  | Dex+7}
 21672 | Orc:1    | Entered Level 1 of the Orcish Mines
 21726 | Orc:1    | Reached skill level 5 in Shields
 22044 | Orc:1    | Reached skill level 12 in Evocations
 22212 | Orc:2    | Entered Level 2 of the Orcish Mines
 22233 | Orc:2    | Found Achi's General Store.
 22301 | Orc:2    | Bought a +2 pair of gloves of strength for 258 gold pieces
 22337 | Orc:2    | Found Joxze's Assorted Antiques.
 22491 | Orc:2    | Found a staircase to the Elven Halls.
 22566 | Orc:2    | Found Joubure's Antique Weapon Boutique.
 22628 | Orc:2    | Noticed Donald
 22767 | Orc:2    | Found Wilovutt's Antique Armour Boutique.
 22841 | Orc:2    | Noticed Donald
 22841 | Orc:2    | Donald changed into Donald the bunyip
 22848 | Orc:2    | Killed Donald the bunyip
 22874 | Orc:2    | Found Taiby's Book Shoppe.
 23036 | Orc:2    | Noticed an orc warlord
 23095 | Orc:2    | Killed an orc warlord
 23228 | Orc:2    | Bought a transparent plate armour for 700 gold pieces
 23228 | Orc:2    | Identified the +4 plate armour of Youthful Indiscretion
                  | {rN++ Will- Str+4 Dex+4} (You bought it in a shop on level
                  | 2 of the Orcish Mines)
 23300 | Orc:2    | Bought the amulet "Nowa" {Acrobat Dex+4} for 544 gold
                  | pieces
 23465 | Snake:1  | Entered Level 1 of the Snake Pit
 23737 | Snake:1  | Noticed Rupert
 23750 | Snake:1  | Killed Rupert
 23890 | Snake:1  | Reached XP level 16. HP: 87/152 MP: 4/4
 23983 | Snake:1  | Noticed Azrael
 24005 | Snake:1  | Killed Azrael
 24173 | Snake:1  | Noticed Aizul
 24188 | Snake:1  | Killed Aizul
 24189 | Snake:1  | Reached skill level 13 in Evocations
 25859 | Snake:3  | Reached skill level 14 in Evocations
 25943 | Snake:3  | Found a runed translucent gate.
 25944 | Snake:3  | Found a runed translucent gate.
 25946 | Snake:3  | Found a runed translucent gate.
 25948 | Snake:3  | Noticed Widid's ghost (adept TeFE)
 26189 | Snake:3  | Found Veeg's Magic Scroll Shoppe.
 26470 | Snake:3  | Reached skill level 10 in Shields
 26616 | Snake:3  | Bought a scroll of brand weapon for 380 gold pieces
 26817 | Snake:4  | Entered Level 4 of the Snake Pit
 27541 | Snake:4  | Reached skill level 10 in Dodging
 27567 | Snake:4  | Reached XP level 17. HP: 154/162 MP: 4/4
 27636 | Snake:4  | Reached skill level 15 in Evocations
 27781 | Snake:4  | Got a serpentine rune of Zot
 28349 | Shoals:1 | Entered Level 1 of the Shoals
 29164 | Shoals:2 | Found Ubouhuost's Armour Shoppe.
 29232 | Shoals:2 | Found Souheryr's Weapon Boutique.
 29608 | Shoals:2 | Found Xidgh's Book Emporium.
 29639 | Shoals:2 | Found Naakhox's Magic Scroll Shop.
 29653 | Shoals:2 | Bought a scroll of blinking for 120 gold pieces
 29653 | Shoals:2 | Bought a scroll of blinking for 120 gold pieces
 30168 | Shoals:3 | Noticed Polyphemus
 30186 | Shoals:3 | Killed Polyphemus
 30200 | Shoals:3 | Reached skill level 10 in Throwing
 30740 | Shoals:3 | Noticed a kraken
 30759 | Shoals:3 | Killed a kraken
 30760 | Shoals:3 | Gained mutation: You passively map a large area around you.
                  | [Deep Dwarf growth]
 30760 | Shoals:3 | Reached XP level 18. HP: 148/176 MP: 4/4
 30896 | Shoals:3 | Found Geameong's Weapon Shop.
 30944 | Shoals:4 | Entered Level 4 of the Shoals
 30944 | Shoals:4 | Found a stormy altar of Qazlal.
 30958 | Shoals:4 | Paralysed by an air elemental for 1 turns
 30962 | Shoals:4 | Paralysed by an air elemental for 1 turns
 31010 | Shoals:4 | Paralysed by an air elemental for 1 turns
 31012 | Shoals:4 | Paralysed by an air elemental for 1 turns
 31095 | Shoals:4 | Paralysed by an air elemental for 1 turns
 31194 | Shoals:4 | Paralysed by an air elemental for 1 turns
 31695 | Shoals:4 | Paralysed by an air elemental for 1 turns
 31697 | Shoals:4 | Paralysed by an air elemental for 1 turns
 31814 | Shoals:4 | Reached skill level 15 in Fighting
 31821 | Shoals:4 | Paralysed by an air elemental for 1 turns
 32039 | Shoals:4 | Got a barnacled rune of Zot
 32215 | Shoals:4 | Paralysed by an air elemental for 1 turns
 32977 | Vaults:1 | Entered Level 1 of the Vaults
 33291 | Vaults:1 | Reached skill level 15 in Armour
 33941 | Vaults:1 | You are sucked into a shaft and drop 1 floor!
 34058 | Vaults:2 | Reached XP level 19. HP: 177/187 MP: 5/5
 35609 | Vaults:1 | Identified a scroll of acquirement
 35611 | Vaults:1 | Acquired a manual of Throwing
 36944 | Vaults:3 | Found Tyetan's General Store.
 37212 | Vaults:3 | Reached skill level 16 in Evocations
 37333 | Vaults:3 | Noticed a bone dragon
 37352 | Vaults:3 | Killed a bone dragon
 37353 | Vaults:3 | Found a staircase to the Crypt.
 37762 | Vaults:3 | Reached XP level 20. HP: 186/199 MP: 5/5
 38192 | Vaults:3 | Noticed Saint Roka
 38210 | Vaults:3 | Killed Saint Roka
 38815 | Vaults:4 | Reached skill level 17 in Evocations
 38907 | Vaults:4 | Found Qiafaral's Antique Weapon Emporium.
 39634 | Depths:1 | Entered Level 1 of the Depths
 39727 | Depths:1 | Found a gateway to Hell.
 40104 | Depths:1 | Identified the +4 trident of the Brain {freeze, Str+3}
 40104 | Depths:1 | Noticed a caustic shrike
 40114 | Depths:1 | Killed a caustic shrike
 40184 | Depths:1 | Reached skill level 18 in Evocations
 40282 | Depths:1 | Found a stormy altar of Qazlal.
 40557 | Depths:1 | Got Wisu's Catalogue of Burning Transmigration
 40565 | Depths:1 | Identified the +11 longbow of Amortisation {freeze,
                  | *Corrode Fly Int+4}
 40682 | Depths:1 | Identified the amulet of the Butterfly {rF+ Regen+}
 41150 | Depths:2 | Reached XP level 21. HP: 125/211 MP: 4/4
 41254 | Depths:2 | Noticed Bai Suzhen
 41275 | Depths:2 | Killed Bai Suzhen
 41276 | Depths:2 | Reached skill level 15 in Throwing
 41332 | Depths:2 | Found a portal to a secret trove of treasure.
 42016 | Depths:2 | Identified the +4 arbalest of Judgement {freeze, Str+2}
 42048 | Depths:2 | Identified the +4 chain mail of the Locust {+Blink rPois
                  | rC+}
 42959 | Depths:2 | Found a one-way gate leading to the halls of Pandemonium.
 43155 | Depths:3 | Found Isso's Antique Weapon Boutique.
 43157 | Depths:3 | Found Yrucae's Distillery.
 43159 | Depths:3 | Found Tijamowa's Jewellery Boutique.
 43216 | Depths:3 | Reached skill level 19 in Evocations
 43227 | Depths:3 | Bought a potion of heal wounds for 105 gold pieces
 44623 | Depths:4 | Entered Level 4 of the Depths
 44650 | Depths:4 | Reached skill level 20 in Evocations
 44716 | Depths:4 | Noticed a caustic shrike
 44716 | Depths:4 | Noticed a caustic shrike
 44716 | Depths:4 | Noticed a caustic shrike
 44716 | Depths:4 | Noticed a caustic shrike
 44717 | Depths:4 | Noticed a caustic shrike
 45025 | Vaults:5 | Entered Level 5 of the Vaults
 45071 | Vaults:5 | Identified the ring "Ziopuj" {rF+ rN+ Will++ Slay+2}
 45072 | Vaults:5 | Identified the ring of Zianauxt {rC+ EV+4 Int+3}
 45248 | Vaults:5 | Reached skill level 15 in Shields
 45274 | Vaults:5 | Reached XP level 22. HP: 222/222 MP: 1/1
 45330 | Vaults:5 | Noticed Margery
 45355 | Vaults:5 | Killed Margery
 45886 | Vaults:5 | Noticed an ancient lich
 45900 | Vaults:5 | Killed an ancient lich
 45993 | Vaults:5 | Got a silver rune of Zot
 46471 | Vaults:5 | Identified the +4 hunting sling of Vyrilebb {vorpal, rF+}
 46505 | Vaults:5 | Noticed Mennas
 46555 | Vaults:5 | Killed Mennas
 46556 | Vaults:5 | Reached skill level 21 in Evocations
 46681 | Vaults:5 | Identified the +2 pair of gloves of Syndicalism {Will+
                  | Regen+}
 46735 | Vaults:5 | Identified the +8 chain mail of Baldness {rElec}
 47493 | Orc:2    | Bought a scroll of enchant armour for 187 gold pieces
 47713 | Shoals:2 | Bought a scroll of enchant armour for 120 gold pieces
 47713 | Shoals:2 | Bought a scroll of enchant armour for 120 gold pieces
 48145 | Depths:4 | Found a one-way gateway to a ziggurat.
 48174 | Depths:4 | Found a white marble altar of Elyvilon.
 48292 | Depths:4 | Reached skill level 22 in Evocations
 48332 | Depths:4 | Reached XP level 23. HP: 232/232 MP: 2/2
 48579 | Depths:4 | Killed a caustic shrike
 48582 | Depths:4 | Killed a caustic shrike
 48585 | Depths:4 | Killed a caustic shrike
 48917 | Depths:3 | Bought the ring of Gasmyami {rPois rF+ Str+4 Slay+2} for
                  | 1219 gold pieces
 48983 | Depths:4 | Found a gate to the Realm of Zot.
 49077 | Depths:4 | Noticed Sojobo
 49370 | Depths:4 | Killed Sojobo
 50029 | Zot:1    | Entered Level 1 of the Realm of Zot
 50133 | Zot:1    | Noticed a curse toe
 50171 | Zot:1    | Killed a curse toe
 50364 | Zot:1    | Reached skill level 23 in Evocations
 50641 | Zot:1    | Noticed a shard shrike
 50645 | Zot:1    | Killed a shard shrike
 50791 | Zot:1    | Noticed a curse toe
 50925 | Zot:1    | Killed a curse toe
 50997 | Zot:1    | Acquired 1040 gold pieces
 51876 | Zot:4    | Noticed an orb of fire
 51886 | Zot:4    | Killed an orb of fire
 51919 | Zot:4    | Reached XP level 24. HP: 201/246 MP: 2/2
 52204 | Zot:5    | Entered Level 5 of the Realm of Zot
 52245 | Zot:5    | Noticed a Killer Klown
 52251 | Zot:5    | Killed a Killer Klown
 52283 | Zot:5    | Found a runed translucent door.
 52283 | Zot:5    | Noticed Ocoxec's ghost (veteran PaGl)
 52515 | Depths:3 | Bought 2 potions of haste for 420 gold pieces
 52515 | Depths:3 | Bought a potion of might for 84 gold pieces
 52515 | Depths:3 | Bought 2 potions of might for 168 gold pieces
 52515 | Depths:3 | Bought a potion of berserk rage for 105 gold pieces
 52845 | Zot:5    | Noticed a dread lich
 52985 | Zot:5    | Killed a dread lich
 53191 | Zot:5    | Noticed an ancient lich
 53204 | Zot:5    | Killed an ancient lich
 53435 | Zot:5    | Noticed a Killer Klown
 53441 | Zot:5    | Killed a Killer Klown
 53575 | Zot:5    | Noticed an ancient lich
 53589 | Zot:5    | Killed an ancient lich
 53722 | Zot:5    | Noticed a Killer Klown
 53743 | Zot:5    | Killed a Killer Klown
 53747 | Zot:5    | Noticed a Killer Klown
 53756 | Zot:5    | Killed a Killer Klown
 53759 | Zot:5    | Noticed a Killer Klown
 53760 | Zot:5    | Noticed a Killer Klown
 53765 | Zot:5    | Noticed a Killer Klown
 53787 | Zot:5    | Killed a Killer Klown
 53820 | Zot:5    | Killed a Killer Klown
 53866 | Zot:5    | Killed a Killer Klown
 53918 | Zot:5    | Noticed a Killer Klown
 53958 | Zot:5    | Noticed a Killer Klown
 53959 | Zot:5    | Killed a Killer Klown
 53972 | Zot:5    | Killed a Killer Klown
 53982 | Zot:5    | Noticed an orb of fire
 53982 | Zot:5    | Gained mutation: You sometimes lose the ability to read
                  | scrolls when taking damage. [an orb of fire]
 53995 | Zot:5    | Killed an orb of fire
 53998 | Zot:5    | Noticed an orb of fire
 54012 | Zot:5    | Killed an orb of fire
 54337 | Zot:5    | Noticed an orb of fire
 54357 | Zot:5    | Gained mutation: Your body sometimes deteriorates upon
                  | taking damage. [an orb of fire]
 54360 | Zot:5    | Killed an orb of fire
 54361 | Zot:5    | Reached skill level 15 in Dodging
 54362 | Zot:5    | Noticed a Killer Klown
 54384 | Zot:5    | Killed a Killer Klown
 54429 | Zot:5    | Got the Orb of Zot
 54682 | Depths:3 | Reached XP level 25. HP: 200/260 MP: 2/2
 54707 | Depths:3 | Gained mutation: You occasionally shout uncontrollably at
                  | your foes. [a neqoxec]
 54715 | Depths:3 | Lost mutation: You tend to lose your temper in combat.
                  | [potion of mutation]
 54715 | Depths:3 | Lost mutation: You sometimes lose the ability to read
                  | scrolls when taking damage. [potion of mutation]
 54715 | Depths:3 | Gained mutation: You passively dampen the noise of your
                  | surroundings. [potion of mutation]
 54715 | Depths:3 | Gained mutation: Your movements are slightly less
                  | encumbered by armour. (ER -2) [potion of mutation]
 54848 | D:13     | Noticed Kyd Ateuph the pandemonium lord
 55136 | D:2      | Noticed Ciger the pandemonium lord
 55187 | D:1      | gg
 55188 | D:$      | Escaped with the Orb!

Illustrated notes

....##...###############.........
.......### ######## #.....>...
.....#######......#### ##........
...#.# ##...........3## #........
..##.# #......####..2.###........
####.###....#######...3##........
####....##.....##...###......#
#....###..##.###..###......#
#....##..##@.3.34..........#
#....##...###'#..###......##
#....###...###...##.......#
##....##........###......##
#.....###....####.......#
######.....########......4.##
#..# ##......####.........## #
#.## ##.................## #
##.#### ###.............### #


Turn 55187 on D:1: gg

Levels and vault maps discovered:
D:1:      dpeg_arrival_snail, layout_rooms, nrook_uturn
D:2:      layout_basic, mrwooster_statue_mirror, minmay_misc_feat_iff,
          minmay_misc_feat_plants
D:3:      layout_basic, minmay_gold_behind_fungi
D:4:      layout_basic, doesnt_xom_only_xom, gammafunk_temple_overflow_pools,
          minmay_temple_entry_grid, uniq_ijyb
D:5:      layout_cave_pools, mainiacjoe_overflow_boulevard, serial_park,
          serial_park_square3 [serial_park_minivault_5x5_3],
          serial_park_tiny_pond, serial_park_tiny_pond, serial_park_square3
          [serial_park_minivault_5x5_6], dreamdust_wishing_well, uniq_eustachio
D:6:      minmay_chambers_of_sixes, layout_cave_pools, st_stairs_10,
          uniq_menkaure, uniq_grinder
D:7:      layout_gridville
D:8:      layout_loops_corners, old_standard_altar,
          grunt_lair_entry_orc_guard_hut, uniq_joseph
D:9:      layout_basic, chequers_temple_overflow_statue_of_worship,
          kennysheep_generic_room_15, uniq_prince_ribbit1, uniq_pikel
D:10:     layout_basic
D:11:     layout_roguey, orc_0_dummy, portal_ice_cave_demonic_guard
D:12:     minmay_skewed_foursquare, layout_basic, grunt_decor_junction
D:13:     layout_big_octagon, david_vaults_1, serial_glass, glass_columns_b,
          glass_columns_b, feat_on_display, feat_on_display, feat_on_display,
          feat_on_display
D:14:     layout_loops_corners, minivault_26, uniq_louise, uniq_kirke
D:15:     hangedman_depths_entry_try_elsewhere_first, layout_small_grid,
          chequers_mini_garden
Temple:   regret_index_temple_waves
Lair:1:   layout_long_grid
Lair:2:   layout_loops_ring, basic_altar, enter_volcano_3, wad_woods_road_05,
          uniq_urug
Lair:3:   layout_gridlike, shoals_dummy_entry,
          minmay_snake_entry_guardpost_small, infiniplex_staircase_pool_2
Lair:4:   layout_gridlike, infiniplex_staircase_pool, grunt_megastairs_2
Lair:5:   layout_cave_pods, minmay_slime_entry_eyes
Lair:6:   hellmonk_lair_end_abyssal_woods, layout_regular_city,
          lemuel_fruit_fields
Shoals:1: cheibrodos_shoals_satyrical_garden, layout_shoals
Shoals:2: layout_shoals, serial_shops, nicolae_shop_advertising_works
          [nicolae_subvault_shop_adworks], nicolae_shop_crystal, shop,
          shop_statue
Shoals:3: layout_shoals, serial_shops, nicolae_take_the_stairs, uniq_polyphemus
Shoals:4: shoals_end_hellmonk_storm_palace [storm_palace_center_circular,
          storm_palace_corner_altar, storm_palace_corner_narrow,
          storm_palace_corner_grid, storm_palace_corner_grid]
Snake:1:  layout_honeycomb, uniq_aizul, uniq_rupert, uniq_azrael
Snake:2:  layout_misc_corridors, serial_bayou, serial_bayou_shore_a,
          serial_bayou_crossing, serial_bayou_lagoon_b, serial_bayou_pond_e
Snake:3:  layout_grid_maze, serial_shops, nicolae_shop_stone,
          ebering_ghost_rock_garden, nrook_guardian_serpent_ordinary,
          serial_bayou_shore_b
Snake:4:  snake_pit, layout_cave_town
Orc:1:    layout_caves
Orc:2:    grunt_orc_gardens, layout_caves, grunt_orc_garden, grunt_orc_garden,
          grunt_orc_garden, grunt_orc_garden, serial_shops,
          nicolae_shop_window_shopping, library_closet,
          nicolae_orc_sculptors_studio, minmay_orc_temple_b, uniq_donald
Vaults:1: vaults_room_hallway, nicolae_vaults_arrows, kb_rosetta,
          nicolae_vaults_little_squares_1, hangedman_vaults_slither, v_misc_5,
          grunt_vaults_swirl, v_misc_28, nicolae_vaults_mini_display_case,
          ontoclasm_vaults_decontamination, vaults_dpeg_encased_lava,
          vaults_dpeg_spiral, layout_vaults_big_cross
Vaults:2: st_more_cells, vaults_mumra_chevron, nicolae_vaults_little_squares_3,
          ontoclasm_vaults_shuriken, v_alt_pattern_4, vaults_room_door_ring,
          dpeg_vaults_monster_box, vaults_room_corners, layout_vaults_quadrants
Vaults:3: hangedman_vaults_hat, ontoclasm_vaults_echo, nicolae_vaults_alarming,
          v_misc_28, minmay_crypt_entry_nasty_monster, v_misc_27,
          vaults_room_hallway, v_pattern_5, v_misc_33, v_misc_19, v_misc_14,
          layout_vaults_omnibox, serial_shops, nicolae_diamond_shop,
          uniq_saint_roka
Vaults:4: v_misc_24, st_lines, hangedman_vaults_restitches, vaults_mumra_hex,
          nicolae_vaults_theta, vaults_room_door_ring,
          vaults_room_grunt_arrival_ludios, layout_vaults_big_room,
          serial_shops, shop
Vaults:5: uniq_margery, uniq_mennas
Depths:1: minmay_the_grid_octo_tiled_octocenter_mashed
          [minmay_the_grid_octo_checkered, minmay_the_grid_octo_teeth,
          minmay_the_grid_octo_chip, minmay_the_grid_octo_horde,
          minmay_the_grid_octo_prize_square_snowflake,
          minmay_the_grid_square_5x5_checkered_statues,
          minmay_the_grid_square_5x5_minimal,
          minmay_the_grid_square_5x5_one_wall,
          minmay_the_grid_square_5x5_n_small], layout_gridlike,
          abyss_entry_crystal, hangedman_coc_ice_floe,
          hangedman_decor_peaks_small, hangedman_decor_lopped,
          chequers_hall_statues_y, nicolae_qazlal_eye_of_the_storm
Depths:2: nooodl_heptagram, layout_basic, grunt_decor_clamped,
          nicolae_trove_entry_crystal, grunt_pan_entry_sceptre, hell_entry,
          uniq_bai_suzhen
Depths:3: minmay_angry_zag, layout_gridlike, rand_demon_pan_entry_1, hell_entry,
          abyss_entry_small_statue_room, infiniplex_staircase_x,
          grunt_megastairs_4, minmay_shop_star
Depths:4: evilmike_zot_entry_argh, layout_gridlike, enter_ziggurat_c,
          hell_entry, elyvilon_altar_1, minmay_orc_keep, uniq_sojobo
Zot:1:    kennysheep_blocky_hall, layout_gridlike,
          hangedman_elemental_grid_stream
Zot:2:    layout_twisted_circle, uniq_tiamat
Zot:3:    layout_gridlike
Zot:4:    kennysheep_oblong_rooms, layout_cathedral_of_symmetry,
          grunt_megastairs_5
Zot:5:    layout_basic, ebering_ghost_inner_flame

Skill      XL: |  1  2  3  4  5  6  7  8  9 10 11 12 13 14 15 16 17 18 19 20 21 22 23 24 |
---------------+-------------------------------------------------------------------------+-----
Summonings     | 2 |  2.0
Stealth        | 2 |  2.6
Fighting       | 4 5 6 8 9 11 12 14 15 16 17 18 19 20 22 | 22.0
Armour         | 1 2 3 4 5 6 9 11 12 13 14 15 16 18 19 | 19.9
Dodging        | 3 4 5 6 7 10 11 13 15 | 15.0
Long Blades    | 3 |  3.7
Short Blades   | 2 3 |  3.2
Invocations    | 1 6 |  6.0
Evocations     | 1 6 7 9 10 11 12 14 15 16 18 20 22 23 | 23.0
Maces & Flails | 4 7 8 10 11 14 16 18 | 18.0
Shields        | 1 4 6 10 11 13 14 15 16 18 | 18.0
Throwing       | 3 8 9 10 11 13 14 16 17 | 17.3
Spellcasting   | |  1.0

Action                   |  1- 3 |  4- 6 |  7- 9 | 10-12 | 13-15 | 16-18 | 19-21 | 22-24 | 25-27 || total
-------------------------+-------+-------+-------+-------+-------+-------+-------+-------+-------++-------
Melee: Short sword       |    92 |   176 |   172 |       |       |       |       |       |       ||   440
       Punch             |       |     2 |    10 |    12 |       |       |       |       |       ||    24
       Rapier            |       |       |   224 |   148 |       |       |       |       |       ||   372
       Morningstar       |       |       |       |   307 |       |       |       |       |       ||   307
       Eveningstar       |       |       |       |   217 |  1096 |  1524 |  1796 |  1739 |    63 ||  6435
Throw: Javelin           |       |       |       |       |   108 |    44 |    99 |    92 |       ||   343
       Boomerang         |       |       |       |       |       |       |    38 |    94 |       ||   132
       Throwing net      |       |       |       |       |       |       |     1 |     3 |     1 ||     5
 Cast: Summon Small Mamm |    35 |    41 |     3 |       |       |       |       |       |       ||    79
Invok: Minor Destruction |       |       |     2 |    68 |    14 |       |       |       |       ||    84
       Lesser Servant of |       |       |       |     6 |    12 |     2 |     4 |     2 |       ||    26
 Abil: Heal Wounds       |     1 |     4 |    11 |    32 |    14 |     3 |    20 |     4 |       ||    89
Evoke: Wand              |       |       |    13 |     7 |    38 |     6 |    23 |    26 |     2 ||   115
       Tin of tremorston |       |       |       |       |     5 |     8 |     8 |     7 |       ||    28
       Phial of floods   |       |       |       |       |     2 |     1 |     3 |     1 |       ||     7
       Condenser vane    |       |       |       |       |       |       |     5 |     4 |       ||     9
       Box of beasts     |       |       |       |       |       |       |       |     3 |       ||     3
  Use: Scroll            |       |     3 |     5 |    13 |    12 |     7 |    12 |    25 |     2 ||    79
       Potion            |       |     2 |       |       |       |     1 |    10 |    21 |     4 ||    38
 Stab: Distracted        |     1 |     4 |     1 |     1 |     1 |     3 |       |     2 |       ||    13
       Sleeping          |       |     2 |       |       |       |       |       |       |       ||     2
       Paralysed         |       |       |    14 |    19 |     9 |     1 |     1 |       |       ||    44
       Petrified         |       |       |       |       |       |     6 |       |       |       ||     6
       Petrifying        |       |       |       |       |       |     2 |       |       |       ||     2
       Held in net/web   |       |       |       |       |       |       |       |       |     3 ||     3
Armor: Leather armour    |    30 |    57 |    31 |       |       |       |       |       |       ||   118
       Chain mail        |       |       |   166 |       |       |       |   153 |    13 |       ||   332
       Plate armour      |       |       |       |   457 |   467 |   529 |   502 |       |       ||  1955
       Storm dragon scal |       |       |       |       |       |       |       |   703 |    28 ||   731
       Skin              |       |       |       |       |       |       |       |     1 |       ||     1
Dodge: Dodged            |    58 |   106 |   203 |   396 |   608 |   675 |   664 |   739 |    26 ||  3475
Block: Buckler           |       |       |       |    11 |   265 |       |       |       |       ||   276
       Kite shield       |       |       |       |       |    12 |  1249 |  1483 |   961 |    36 ||  3741
       Reflection        |       |       |       |       |       |    74 |    35 |       |       ||   109

Table legend: (Time is in decaauts)
 A = Elapsed time spent in this place.
 B = Non-inter-level travel time spent in this place.
 C = Inter-level travel time spent in this place.
 D = Time resting spent in this place.
 E = Time spent auto-exploring this place.
 F = Levels seen in this place.
 G = Mean time per level.
                   A        B        C        D        E       F      G
               +--------+--------+--------+--------+--------+-----+--------+
         Total |  54606 |  47445 |   7161 |   4926 |  23824 |  48 | 1137.6 |
       Dungeon |  16307 |  13150 |   3157 |    955 |   7071 |  15 | 1087.1 |
        Temple |    133 |    115 |     18 |      0 |     95 |   1 |  133.0 |
          Lair |   7427 |   6197 |   1230 |    269 |   3679 |   6 | 1237.8 |
        Shoals |   4469 |   4157 |    312 |    424 |   2277 |   4 | 1117.2 |
     Snake Pit |   4855 |   4391 |    464 |    464 |   2408 |   4 | 1213.8 |
  Orcish Mines |   1651 |   1575 |     76 |    200 |    781 |   2 |  825.5 |
        Vaults |   7959 |   7285 |    674 |    570 |   3913 |   5 | 1591.8 |
        Depths |   7441 |   6786 |    655 |   1402 |   2849 |   4 | 1860.2 |
           Zot |   4267 |   3694 |    573 |    640 |    749 |   5 |  853.4 |
      Ice Cave |     56 |     56 |      0 |      0 |      0 |   1 |   56.0 |
       Volcano |     35 |     35 |      0 |      0 |      0 |   1 |   35.0 |
               +--------+--------+--------+--------+--------+-----+--------+

Top non-repeatable levels by time:
Depths:2: 2293 daAuts
Depths:4: 2049 daAuts
Vaults:5: 1953 daAuts
Vaults:1: 1820 daAuts
Depths:3: 1790 daAuts
     D:8: 1770 daAuts
Shoals:4: 1733 daAuts
   Zot:1: 1705 daAuts
   Zot:5: 1582 daAuts
     D:4: 1550 daAuts
Vaults:2: 1525 daAuts
 Snake:4: 1486 daAuts
  Lair:6: 1464 daAuts
Vaults:3: 1456 daAuts
  Lair:2: 1339 daAuts
